 Dungeon Sprint DCSS version 0.17-a0-945-g601bd79 (webtiles) character file.

900000 ahoge the Spry (level 11, -15/92 HPs)
             Began as a Demonspawn Gladiator on May 6, 2015.
             Was an Initiate of Makhleb.
             Demolished by a meat berserker
             ... wielding a +9 battleaxe
              (20 damage)
             ... in the Dungeon (Sprint VIII: "Arena of Blood").
             The game lasted 00:00:27 (9 turns).

ahoge the Spry (Demonspawn Gladiator)                  Turns: 9, Time: 00:00:27

Health: -15/92     AC:  9    Str: 15    XL:     11   Next: 71%
Magic:  0/11       EV: 24    Int: 10    God:    Makhleb [......]
Gold:   0          SH:  0    Dex: 17    Spells: 0 memorised, 10 levels left

rFire  . . .     SeeInvis .     l - +∞ Axe of Woe
rCold  . . .     Clarity  .     b - +0 leather armour
rNeg   . . .     SustAb   .     (no shield)
rPois  .         Gourm    .     (helmet restricted)
rElec  .         Spirit   +     (no cloak)
rCorr  .         Warding  .     (no gloves)
rMut   .         NoTele   +     (no boots)
MR     .....                    (no amulet)
Stlth  +.........               (no ring)
                                (no ring)

@: not resistant to hostile enchantments, very unstealthy
A: antennae 1, iridescent scales 2, magic shield, magic regeneration
a: Renounce Religion


You were in the Dungeon.
You worshipped Makhleb.
Makhleb was noncommittal.
You were not hungry.

You visited 1 branch

Inventory:

Hand weapons
 a - a +0 war axe
 l - the +∞ Axe of Woe (weapon)
   (You found it in the Dungeon)
Missiles
 d - 3 throwing nets (quivered)
Armour
 b - a +0 leather armour (worn)
 c - a +0 helmet
Scrolls
 k - a scroll of blinking
Potions
 f - a potion of curing
 g - a potion of heal wounds
 h - a potion of haste
 i - 2 potions of magic
 j - a potion of berserk rage
Comestibles
 e - a bread ration


   Skills:
 + Level 10.7 Fighting
 + Level 16.5 Axes
 + Level 9.1 Throwing
 + Level 16.5 Dodging


You had 10 spell levels left.
You didn't know any spells.

Dungeon Overview and Level Annotations

Branches:
Dungeon (1/1)

Altars:
Makhleb


Innate Abilities, Weirdness & Mutations

You have a pair of small antennae on your head.
You are mostly covered in iridescent scales (AC +6).
When hurt, damage is shared between your health and your magic reserves.
You regenerate magic rapidly.


Message History

You feel agile.
Your demonic ancestry asserts itself...
You feel your magic shroud grow more resilient.
You have reached level 7!
You have reached level 8!
You feel clever.
Your demonic ancestry asserts itself...
Iridescent scales grow over part of your body.
You have reached level 9!
Your experience leads to an increase in your attributes!
Increase (S)trength, (I)ntelligence, or (D)exterity?
You feel agile.
You have reached level 10!
Your demonic ancestry asserts itself...
Iridescent scales spread over more of your body.
You have reached level 11!
You hear a shout! x3
The meat berserker hits you with a +9 battleaxe!!!
* * * LOW HITPOINT WARNING * * *
You hear a shout! x2
The meat berserker hits you with a +9 battleaxe!!
You die...

...........
..........
..........
.........
.........
#......o# #..
#...O...#
..o.###@O.....###.
.....o)O.###......
.#........_......
.......#.....#..
.......#_.<._#
.......#.....#
.#........_......
.........###......
....###... ..###.


You could see 3 meat berserkers and 2 bags of meat.

Vanquished Creatures
  An orc (D)
1 creature vanquished.

Notes
Turn   | Place    | Note
--------------------------------------------------------------
     0 | D        | ahoge, the Demonspawn Gladiator, began the quest for the Orb.
     0 | D        | Reached XP level 1. HP: 16/16 MP: 1/1
     4 | D        | Became a worshipper of Makhleb the Destroyer
     5 | D        | Noticed a bag of meat
     6 | D        | Noticed a bag of meat
     7 | D        | Noticed a meat berserker
     7 | D        | Noticed a meat berserker
     7 | D        | Noticed a meat berserker
     8 | D        | Noticed a bag of meat
     8 | D        | Noticed a bag of meat
     9 | D        | Killed a bag of meat
     9 | D        | Reached skill level 10 in Fighting
     9 | D        | Reached skill level 16 in Axes
     9 | D        | Gained mutation: You have a pair of small antennae on your head. [demonic ancestry]
     9 | D        | Reached XP level 2. HP: 19/36 MP: 2/2
     9 | D        | Gained mutation: When hurt, damage is shared between your health and your magic reserves. [demonic ancestry]
     9 | D        | Reached XP level 3. HP: 22/42 MP: 3/3
     9 | D        | Reached XP level 4. HP: 25/49 MP: 4/4
     9 | D        | Reached XP level 5. HP: 27/54 MP: 5/5
     9 | D        | Gained mutation: You regenerate magic rapidly. [demonic ancestry]
     9 | D        | Reached XP level 6. HP: 30/61 MP: 6/6
     9 | D        | Reached XP level 7. HP: 32/67 MP: 7/7
     9 | D        | Gained mutation: You are partially covered in iridescent scales (AC +4). [demonic ancestry]
     9 | D        | Reached XP level 8. HP: 35/74 MP: 8/8
     9 | D        | Reached XP level 9. HP: 37/79 MP: 9/9
     9 | D        | Gained mutation: You are mostly covered in iridescent scales (AC +6). [demonic ancestry]
     9 | D        | Reached XP level 10. HP: 40/86 MP: 10/10
     9 | D        | Reached XP level 11. HP: 42/92 MP: 11/11
     9 | D        | Demolished by a meat berserker

Action                   |  1- 3 |  4- 6 |  7- 9 | 10-12 || total
-------------------------+-------+-------+-------+-------++-------
Melee: Executioner's axe |     1 |       |       |       ||     1
